 Dungeon Crawl Stone Soup version 0.29.1-1-gd02db6906a (webtiles) character file.

Game seed: 706061090533359527

631 Kold the Ruffian (level 7, -4/48 (52) HPs)
             Began as a Demonspawn Cinder Acolyte on Oct 19, 2022.
             Was a Priest of Ignis.
             Slain by a wight
             ... wielding a +0 short sword of venom
              (5 damage)
             ... on level 4 of the Dungeon.
             The game lasted 00:06:07 (4375 turns).

Kold the Ruffian (Demonspawn Cinder Acolyte)        Turns: 4375, Time: 00:06:08

HP:   -4/48 (52)    AC:  2    Str: 14    XL:     7   Next: 24%
MP:   8/8           EV: 11    Int: 15    God:    Ignis [***...]
Gold: 182           SH:  0    Dex: 11    Spells: 8/8 levels left

rFire   + . .      SeeInvis +     - Unarmed
rCold   . . .      Faith    .   (no shield)
rNeg    . . .      Spirit   .   a - +0 robe
rPois   .          Reflect  .   (no helmet)
rElec   .          Harm     .   (no cloak)
rCorr   .          Rampage  .   (no gloves)
Will    .....                   (no boots)
Stlth   +.........              (no amulet)
HPRegen 0.16/turn               h - ring of see invisible
MPRegen 0.11/turn               (no ring)

@: lethally poisoned (-4 -> -36), rising, flying, drained
A: hooves 2, demonic guardian 1, weakness stinger 1, demonic touch 1
a: Renounce Religion, Fiery Armour, Foxfire Swarm


You were on level 4 of the Dungeon.
You worshipped Ignis.
Ignis was most pleased with you.
You visited 1 branch of the dungeon, and saw 4 of its levels.

You collected 182 gold pieces.

Inventory:

Armour
 a - a +0 robe (worn)
 l - a +0 helmet
Jewellery
 h - a ring of see invisible (left hand)
Wands
 j - a wand of roots (7)
 o - a wand of digging (8)
Scrolls
 b - a scroll of noise {unknown}
 e - a scroll of enchant armour {unknown}
 i - 4 scrolls of identify {unknown}
 m - a scroll of acquirement {unknown}
 n - a scroll of magic mapping {unknown}
 p - a scroll of poison {unknown}
Potions
 c - 2 potions of ambrosia {unknown}
 d - 2 potions of heal wounds {unknown}
 f - a potion of lignification {unknown}
 g - 2 potions of magic {unknown}
 k - a potion of invisibility {unknown}
 q - a potion of brilliance {unknown}
 r - a potion of cancellation


   Skills:
 - Level 3.2 Fighting
 + Level 7.5 Unarmed Combat
 - Level 1.2 Spellcasting
 - Level 3.0 Fire Magic


You had 8 spell levels left.
You didn't know any spells.
Your spell library contained the following spells:

 Spells                   Type           Power      Damage    Failure   Level
 Scorch                   Fire           18%        2d5       11%         2
 Necrotise                Necr           0%         1d4       24%         1
 Conjure Flame            Conj/Fire      5%         6-21      36%         3
 Ignite Poison            Fire/Tmut/Pois 3%         N/A       43%         3
 Sticky Flame             Conj/Fire      5%         2d3       78%         4


Dungeon Overview and Level Annotations

Branches:
Dungeon (4/15)
 Temple: D:4-7

Altars:
Dithmenos
Kikubaaqudgha
Makhleb
Sif Muna
Vehumet
Xom

Shops:
D:4 ?(


Innate Abilities, Weirdness & Mutations

You have hoof-like feet.
A weak demonic guardian rushes to your aid.
You have a small tail.
Your touch may inflict minor irresistible damage on your foes.


Message History

You hit the wight. Your kick misses the wight. You tail-slap the wight.
The wight is moderately damaged.
The wight barely misses you.
You completely miss the wight. You kick the wight.
The wight is heavily damaged.
The wight closely misses you.
You hit the wight.
The wight is heavily damaged.
The wight hits you with a +0 short sword of venom!
You are poisoned.
You closely miss the wight. Your kick misses the wight.
Your touch misses the wight.
The wight is heavily damaged.
You feel very sick.
The wight hits you with a +0 short sword of venom!
A demonic guardian appears!
You are more poisoned.
You hit the wight but do no damage. You kick the wight, but do no damage.
You tail-slap the wight, but do no damage.
The wight is heavily damaged.
You feel very sick.
The wight hits you with a +0 short sword of venom!
You feel drained.
You are lethally poisoned!
You begin to rise into the air.
* * * LOW HITPOINT WARNING * * *
You feel extremely sick.
Your shadow imp completely misses the wight.
The wight hits you with a +0 short sword of venom.
* * * LOW HITPOINT WARNING * * *
You feel drained.
You are more poisoned.
Okay, then.
Okay, then.
It was a potion of cancellation.
You feel magically purged.
* * * LOW HITPOINT WARNING * * *
You feel extremely sick.
Your shadow imp barely misses the wight.
The wight hits you with a +0 short sword of venom.
You die...

#...#..........
########...#...#######
.......).^#..###
.#...........#
...####.)###.# . ##..#
..# #...# ### ##.#.#
#@.#.# #....z5##.#
#.##$∩..... #.....?.
...#...### ..###.#.#
#.> .$... #. ?..###


You could see a wight (ally target) and a friendly shadow imp (summoned).

Vanquished Creatures
  Sigmund (D:2)
  A sky beast (D:4)
  A wight (D:4)
  An iguana (D:4)
  6 orc wizards (D:3)
  Terence (D:2)
  4 gnolls (D:2)
  An adder (D:2)
  A worm (D:3)
  A dart slug (D:2)
  2 orcs (D:4)
  7 bats
  5 endoplasms
  2 giant cockroaches
  9 goblins
  9 hobgoblins
  4 jackals (D:2)
  4 quokkas
  4 ball pythons
  4 frilled lizards
  3 kobolds
  9 rats
80 creatures vanquished.

Vanquished Creatures (others)
  23 foxfires (D:2)
23 creatures vanquished.

Grand Total: 103 creatures vanquished

Notes
Turn   | Place    | Note
-------+----------+-------------------------------------------
     0 | D:1      | Kold the Demonspawn Cinder Acolyte began the quest for the
                  | Orb.
     0 | D:1      | Reached XP level 1. HP: 18/18 MP: 2/2
   108 | D:1      | Discovered your monstrous ancestry.
   108 | D:1      | Gained mutation: You have large cloven feet. [demonic
                  | ancestry]
   108 | D:1      | Reached XP level 2. HP: 3/24 MP: 3/3
   443 | D:1      | Found a faded altar of an unknown god.
   471 | D:1      | Reached skill level 3 in Unarmed Combat
  1164 | D:2      | Gained mutation: You have a small tail. [demonic ancestry]
  1164 | D:2      | Reached XP level 3. HP: 29/29 MP: 4/4
  1719 | D:2      | Noticed Sigmund
  1726 | D:2      | Reached skill level 4 in Unarmed Combat
  1728 | D:2      | Killed Sigmund
  1729 | D:2      | Reached skill level 5 in Unarmed Combat
  1729 | D:2      | Gained mutation: Your touch may inflict minor irresistible
                  | damage on your foes. [demonic ancestry]
  1729 | D:2      | Reached XP level 4. HP: 18/35 MP: 5/5
  1729 | D:2      | Reached XP level 5. HP: 21/41 MP: 6/6
  2082 | D:2      | Found a shimmering altar of Xom.
  2181 | D:2      | Noticed Terence
  2190 | D:2      | Killed Terence
  2191 | D:2      | Gained mutation: A weak demonic guardian rushes to your
                  | aid. [demonic ancestry]
  2191 | D:2      | Reached XP level 6. HP: 17/47 MP: 7/7
  3002 | D:3      | Reached skill level 6 in Unarmed Combat
  3049 | D:3      | Found a shadowy altar of Dithmenos.
  3135 | D:3      | Found a burning altar of Makhleb.
  3248 | D:3      | Found a radiant altar of Vehumet.
  3257 | D:3      | Found an ancient bone altar of Kikubaaqudgha.
  3332 | D:3      | Got Kikubaaqudgha's Guide on Misery
  3338 | D:3      | Found a shimmering blue altar of Sif Muna.
  3764 | D:4      | Noticed a sky beast
  3776 | D:4      | Killed a sky beast
  3777 | D:4      | Reached skill level 7 in Unarmed Combat
  3777 | D:4      | Gained mutation: You have hoof-like feet. [demonic
                  | ancestry]
  3777 | D:4      | Reached XP level 7. HP: 16/52 MP: 8/8
  3988 | D:4      | Found Asushric's Antique Weapon Shop.
  4010 | D:4      | Found Cavuatz's Magic Scroll Boutique.
  4375 | D:4      | HP: 1/48 [poisoned by a wight]
  4375 | D:4      | Slain by a wight

Illustrated notes

Levels and vault maps discovered:
D:1:      dpeg_arrival_water_temple_mockup, layout_rooms,
          hellmonk_ecumenical_altar_run_dry
D:2:      layout_basic, basic_altar, uniq_sigmund, uniq_terence
D:3:      layout_loops_corners, palyth_temple_overflow_mages,
          mainiacjoe_overflow_chevrons, nicolae_overflow_hidden_temple
D:4:      layout_rooms, minmay_temple_entry_mist, gammafunk_ghost_smash,
          serial_shops, shop, nicolae_shop_behind_doors,
          nicolae_shop_behind_doors

Skill      XL: |  1  2  3  4  5  6 |
---------------+-------------------+-----
Unarmed Combat | 3 5 7 |  7.5
Fire Magic     | 3 |  3.0
Fighting       | |  3.2
Spellcasting   | |  1.2

Action                   |  1- 3 |  4- 6 |  7- 9 || total
-------------------------+-------+-------+-------++-------
Melee: Unarmed           |   102 |    73 |    16 ||   191
       Kick              |    24 |    15 |     5 ||    44
       Tailslap          |     2 |     8 |     4 ||    14
       Punch             |     1 |     2 |       ||     3
       Touch             |       |    11 |     1 ||    12
Invok: Fiery Armour      |     1 |     2 |     1 ||     4
       Foxfire Swarm     |     2 |       |       ||     2
       Rising Flame      |       |       |     1 ||     1
  Use: Potion            |       |       |     1 ||     1
 Stab: Sleeping          |     2 |     1 |       ||     3
Armor: Robe              |    33 |    15 |     2 ||    50
Dodge: Dodged            |    93 |    29 |     5 ||   127
